 Dungeon Crawl Stone Soup version 0.28-a0-1510-gd0f6b136d3 (webtiles) character file.

Game seed: 15281694746074383833

22 bande the Shield-Bearer (level 2, 0/19 HPs)
             Began as a Gargoyle Fighter on Jan 16, 2022.
             Slain by a gnoll (6 damage)
             ... on level 1 of the Dungeon.
             The game lasted 00:01:29 (918 turns).

bande the Shield-Bearer (Gargoyle Fighter)           Turns: 918, Time: 00:01:30

Health: 0/19       AC:  9    Str: 19    XL:     2   Next: 91%
Magic:  2/2        EV:  9    Int:  8    God:
Gold:   37         SH:  4    Dex:  9    Spells: 1/1 levels left

rFire   . . .      SeeInvis .   a - +0 war axe
rCold   . . .      Faith    .   c - +0 buckler
rNeg    + . .      Spirit   .   b - +0 scale mail
rPois   ∞          Reflect  .   (no helmet)
rElec   +          Harm     .   (no cloak)
rCorr   .          Rampage  .   (no gloves)
Will    .....                   (no boots)
Stlth   ..........              (no amulet)
HPRegen 0.06/turn               (no ring)
MPRegen 0.08/turn               (no ring)

@: no status effects
A: sickness immunity, AC +2, negative energy resistance 1, electricity
resistance, torment resistance 1, petrification resistance
a: no special abilities


You were on level 1 of the Dungeon.
You visited 1 branch of the dungeon, and saw 2 of its levels.

You collected 37 gold pieces.

Inventory:

Hand Weapons
 a - a +0 war axe (weapon)
 j - a +0 flail
Armour
 b - a +0 scale mail (worn)
 c - a +0 buckler (worn)
Potions
 d - a potion of might
 e - 2 potions of magic
 f - a potion of lignification {unknown}
 g - a potion of attraction {unknown}
 h - a potion of invisibility {unknown}
 i - a potion of resistance {unknown}


   Skills:
 + Level 3.6 Fighting
 + Level 2.0 Axes
 + Level 3.5 Armour
 + Level 3.7 Shields


You had one spell level left.
You didn't know any spells.
Your spell library was empty.

Dungeon Overview and Level Annotations

Branches:
Dungeon (2/15)

Altars:


Innate Abilities, Weirdness & Mutations

You are immune to sickness and miasma.
Your stone body is resilient. (AC +2)
You are immune to poison.
You resist negative energy. (rN+)
You are resistant to electric shocks. (rElec)
You are resistant to unholy torment.
You are immune to petrification.


Message History

Found 16 stones.
A gnoll comes into view. It is wielding a +0 flail.
The gnoll shouts!
A gnoll comes into view. It is wielding a +2 whip of holy wrath.
There is a stone staircase leading up here.
A gnoll comes into view.
It is wielding a +2 flail of protection.
The gnoll shouts! x2
The gnoll barely misses you.
You climb upwards.
There is a stone staircase leading down here.
You slash the gnoll!
The gnoll is almost dead.
The gnoll hits you but does no damage.
You slash the gnoll!
You kill the gnoll!
Your Axes skill increases to level 2!
No target in view!
No target in view!
No target in view!
No target in view!
Things that are here:
a +0 flail; a gnoll corpse
j - a +0 flail You start waiting.
Done waiting.
There is a stone staircase leading down here.
You climb downwards.
The gnoll hits you with a +2 flail of protection!
Ouch! That really hurt!
The gnoll barely misses you.
There is a stone staircase leading up here.
The gnoll barely misses you.
You climb upwards.
There is a stone staircase leading down here.
You see here a gnoll corpse.
You closely miss the gnoll.
The gnoll hits you with a +2 flail of protection.
You closely miss the gnoll. The gnoll closely misses you.
The gnoll hits you with a +2 flail of protection.
You die...

#.# #.# #..####.####÷. #.#
#.# #............. #.# #.#
##.####.###)## #.########.##
##......(.#.##
#........♣♣.####.........#...
######..♣PP.................#
#.♣.♣♣..............#(.≈
#...._..##..........##..
#...P..@##..............
#.#..♣.g##........####.#
#.#####>##.##.##### #..
##########.# #.##.##.# ##..
#..........# #.##.##.# #...
#.##########
#.##..#.########.. #.###
###.##.#...........≈ ....#
#......##.########.# ....###
#.#.....##.# #.§


You could see a gnoll.

Vanquished Creatures
  A gnoll (D:1)
  A dart slug (D:1)
  2 endoplasms
  2 goblins (D:1)
  A kobold (D:1)
  2 ball pythons (D:1)
  A bat (D:1)
  A rat (D:1)
11 creatures vanquished.

Vanquished Creatures (others)
  A withered plant (D:1)
1 creature vanquished.

Grand Total: 12 creatures vanquished

Notes
Turn   | Place    | Note
-------+----------+-------------------------------------------
     0 | D:1      | bande the Gargoyle Fighter began the quest for the Orb.
     0 | D:1      | Reached XP level 1. HP: 14/14 MP: 1/1
    57 | D:1      | Found a faded altar of an unknown god.
   256 | D:1      | Reached XP level 2. HP: 16/19 MP: 2/2
   918 | D:1      | Slain by a gnoll

Illustrated notes

Levels and vault maps discovered:
D:1:      denvon_arrival_hothouse, layout_loops_ring,
          ebering_ecumenical_altar_petrified
D:2:      layout_basic, uniq_terence

Skill      XL: |  1  2 |
---------------+-------+-----
Axes           | 2 |  2.0
Fighting       | |  3.6
Armour         | |  3.5
Shields        | |  3.7

Action                   || total
-------------------------++-------
Melee: War axe           ||    29
  Use: Scroll            ||     3
Armor: Scale mail        ||    14
Dodge: Dodged            ||    23
Block: Buckler           ||     3

Table legend: (Time is in decaauts)
 A = Elapsed time spent in this place.
 B = Non-inter-level travel time spent in this place.
 C = Inter-level travel time spent in this place.
 D = Time resting spent in this place.
 E = Time spent auto-exploring this place.
 F = Levels seen in this place.
 G = Mean time per level.
                   A        B        C        D        E       F      G
               +--------+--------+--------+--------+--------+-----+--------+
         Total |    931 |    899 |     32 |    100 |    685 |   2 |  465.5 |
       Dungeon |    931 |    899 |     32 |    100 |    685 |   2 |  465.5 |
               +--------+--------+--------+--------+--------+-----+--------+

Top non-repeatable levels by time:
     D:1: 875 daAuts
     D:2: 55 daAuts
